 Dungeon Crawl Stone Soup version 0.30-a0-738-g116ff8c4af (webtiles) character file.

Game seed: 16721864009468639931

22791 Leeroy the Carver (level 13, -4/69 HPs)
             Began as a Vine Stalker Warper on Feb 3, 2023.
             Was an Elder of Wu Jian.
             Slain by a flying skull (6 damage)
             ... in a Gauntlet.
             The game lasted 00:36:22 (12656 turns).

Leeroy the Carver (Vine Stalker Warper)            Turns: 12656, Time: 00:36:22

Health: -4/69      AC: 11    Str: 14    XL:     13   Next: 2%
Magic:  0/26       EV: 16    Int: 13    God:    Wu Jian [****..]
Gold:   1639       SH:  0    Dex: 19    Spells: 19/28 levels left

rFire   . . .      SeeInvis .    T - +3 falchion (holy)
rCold   . . .      Faith    .    (no shield)
rNeg    . . .      Spirit   +    M - +0 troll leather armour
rPois   .          Reflect  .    k - +0 helmet
rElec   .          Harm     .    (no cloak)
rCorr   .          Rampage  .    u - +0 pair of gloves
Will    +....      NoTele   +    x - +0 pair of boots
Stlth   +++                      S - amulet of magic regeneration
HPRegen 1.91/turn                h - +4 ring of protection
MPRegen 0.60/turn                (no ring)

@: no status effects
A: fangs 3, regeneration 1, magic shield, antimagic bite, no potion heal 2
a: Renounce Religion, Wall Jump, Serpent's Lash


You were in a Gauntlet.
You worshipped Wu Jian.
Wu Jian was greatly pleased with you.
You visited 3 branches of the dungeon, and saw 14 of its levels.
You also visited: Gauntlet.

You collected 1639 gold pieces.

Inventory:

Hand Weapons
 a - the +7 dagger "Ducaosh" {flame, SInv}
   (You found it on level 7 of the Dungeon)

   SInv:      It lets you see invisible.
 p - a +2 dagger of venom
 q - a +1 demon blade of flaming
 y - the +11 whip of Understanding {vamp, *Rage rN++ Str+3 Dex+2}
   (You found it on level 4 of the Dungeon)

   Str:       It affects your strength (+3).
   Dex:       It affects your dexterity (+2).
   rN:        It greatly protects you from negative energy.
   *Rage:     It berserks you when you make melee attacks (+20% chance).
 B - a +5 scimitar
 E - a +2 short sword of venom
 I - a +3 long sword of freezing
 T - a +3 falchion of holy wrath (weapon)
 W - a -1 demon whip of venom
Missiles
 d - 7 boomerangs of dispersal
 Z - 5 boomerangs
Armour
 b - the +1 scale mail of Gauru {-Cast Harm rF+++ Dex+5}
   (You found it on level 7 of the Dungeon)

   Dex:       It affects your dexterity (+5).
   rF:        It renders you almost immune to fire.
   -Cast:     It prevents spellcasting.
   Harm:      It increases damage dealt and taken.
 i - the -1 helmet of Context {Fly rC++}
   (You found it in a Gauntlet)

   rC:        It greatly protects you from cold.
   Fly:       It grants you flight.
 k - a +0 helmet (worn)
 u - a +0 pair of gloves (worn)
 x - a +0 pair of boots (worn)
 A - an orb of light
 F - a +2 robe of willpower
 G - a +2 leather armour of cold resistance
 L - +0 steam dragon scales
 M - a +0 troll leather armour (worn)
 U - the +3 leather armour of the Shore {rElec rCorr}
   (You found it on level 9 of the Dungeon)

   rElec:     It insulates you from electricity.
   rCorr:     It protects you from acid and corrosion.
Jewellery
 h - a +4 ring of protection (left hand)
 S - an amulet of magic regeneration (around neck)
Wands
 t - a wand of flame (42) (quivered)
 v - a wand of digging (1)
 D - a wand of polymorph (13)
 J - a wand of quicksilver (7)
 Q - a wand of roots (14)
 R - a wand of charming (6)
Scrolls
 c - 2 scrolls of fear
 e - 2 scrolls of vulnerability
 j - 2 scrolls of magic mapping
 m - 4 scrolls of teleportation
 r - 3 scrolls of amnesia
 s - a scroll of poison
 w - 2 scrolls of summoning
 z - 3 scrolls of noise
 K - a scroll of brand weapon
 N - a scroll of enchant armour
 O - a scroll of torment
 X - 2 scrolls of fog
Potions
 f - a potion of cancellation {unknown}
 g - 3 potions of might
 l - 2 potions of curing
 n - 4 potions of brilliance
 o - 6 potions of flight
 C - 3 potions of degeneration
 H - 6 potions of haste
 P - 2 potions of experience {unknown}
 V - a potion of resistance {unknown}
 Y - a potion of attraction {unknown}


   Skills:
 - Level 8.4 Fighting
 + Level 13.7 Long Blades
 - Level 0.8 Throwing
 - Level 1.1 Armour
 - Level 8.1 Dodging
 - Level 4.1 Stealth
 - Level 8.3 Spellcasting
 - Level 3.0 Translocations


You had 19 spell levels left.
You knew the following spells:

 Your Spells              Type           Power      Damage    Failure   Level
a - Blink                 Tloc           26%        N/A       7%          2
b - Vhi's Electric Charg  Tloc/Air       18%        N/A       26%         3
c - Manifold Assault      Tloc           13%        N/A       43%         4

Your spell library contained the following spells:

 Spells                   Type           Power      Damage    Failure   Level
 Lesser Beckoning         Tloc           26%        N/A       7%          2
 Teleport Other           Tloc           13%        N/A       14%         3
 Kiss of Death            Conj/Necr      20%        2d7       16%         1
 Confusing Touch          Hex            5%         N/A       43%         3
 Hailstorm                Conj/Ice       5%         3d4       43%         3
 Dispel Undead            Necr           5%         3d7       85%         4
 Ice Form                 Ice/Tmut       5%         N/A       85%         4
 Simulacrum               Ice/Necr       2%         N/A       100%        6


Dungeon Overview and Level Annotations

Branches:
Dungeon (11/15)            Temple (1/1) D:4            Lair (0/5) D:10
    Orc (2/2) D:9             Elf (0/3) Orc:2       Gauntlet (1/1)

Altars:
Ashenzari
Cheibriados
Dithmenos
Elyvilon
Fedhas
Gozag
Hepliaklqana
Kikubaaqudgha
Makhleb
Nemelex Xobeh
Okawaru
Qazlal
Ru
Sif Muna
Trog
Uskayaw
Vehumet
Wu Jian
Xom
Yredelemnul
Zin
The Shining One
Lugonu

Shops:
D:2 [   Orc:1 !   Orc:2 (

Portals:
Abyss: D:6

Annotations:
D:9 exclusion: orange crystal statue Gauntlet 9 transporters, 3 runed translucent doors


Innate Abilities, Weirdness & Mutations

You have razor-sharp teeth.
Your natural rate of healing is unusually fast.
When hurt, damage is shared between your health and your magic reserves.
Your bite disrupts and absorbs the magic of your enemies.
Potions cannot restore your health.


Message History

The flying skull hits you!
* * * LOW HITPOINT WARNING * * *
The flying skull hits you but does no damage.
You barely miss the flying skull.
You bite the flying skull, but do no damage.
The flying skull hits you!
* * * LOW HITPOINT WARNING * * *
The flying skull closely misses you. The flying skull barely misses you.
You miss the flying skull.
You punch the flying skull, but do no damage.
Your bite misses the flying skull. The flying skull closely misses you.
The flying skull hits you but does no damage.
The flying skull closely misses you.
You closely miss the flying skull.
You bite the flying skull, but do no damage.
The flying skull barely misses you. The flying skull hits you.
* * * LOW HITPOINT WARNING * * *
The flying skull closely misses you. The flying skull hits you.
* * * LOW HITPOINT WARNING * * *
Okay, then.
Okay, then.
Okay, then.
Unknown command.
Okay, then.
Okay, then.
You slash the flying skull!
The flying skull convulses.
Your bite misses the flying skull.
The flying skull is heavily damaged.
The flying skull barely misses you. The flying skull closely misses you. x2
The flying skull hits you.
* * * LOW HITPOINT WARNING * * *
You slash the flying skull!
The flying skull convulses.
You destroy the flying skull!
The Council accepts your kill. The flying skull hits you.
* * * LOW HITPOINT WARNING * * *
The flying skull hits you but does no damage.
You hit the flying skull but do no damage.
Your bite misses the flying skull. The flying skull hits you!
You die...

### ### ### ### ##
##≈###≈###≈###≈###≈##
####≈≈≈#≈≈≈#≈≈≈#≈≈≈#≈≈≈#
#≈≈..................≈#
#≈..P.PP.#########.P.##
####....PP♣.#..8#8..#.♣.≈##
#≈≈..P......#...8...#...≈≈#
#≈..♣P♣.♣.###8.8z8.=#...≈##
#.........#©##8z@z8©#.P.##
..#########.#8z8z8.!#.♣.≈##
..#...#...#.#...8..?#...≈≈#
..#.#.#.#.#.#..8#8..#...≈##
###.#.#.#!#.#########...##
#©#.##©##©#©#.........♣.≈##
#.#.#.#.#.#.#########.P.≈≈# # #
#.#.#.#.#.#.#yyy#.#©#...≈##...#
#.#...#...#.#.#.#.=##.P.##
.♣.###


You could see 3 meliai and 5 flying skulls.

Vanquished Creatures
  Erolcha (D:10)
  5 two-headed ogres
  A boulder beetle (D:10)
  5 death yaks
  Amaemon (D:10)
  Lodul (D:10)
  A sixfirhy (Gauntlet)
  A skeletal warrior (D:10)
  2 orc sorcerers (Orc:1)
  An orc knight (Orc:2)
  A manticore (D:10)
  An orange demon (D:10)
  Psyche (D:9)
  A yaktaur (D:10)
  An ice devil (Gauntlet)
  A komodo dragon (D:10)
  4 trolls
  8 flying skulls (Gauntlet)
  A wraith (D:11)
  6 yaks (D:9)
  2 shadows (D:9)
  Grum (D:11)
  Menkaure (D:7)
  A steam dragon (D:9)
  2 acid dragons
  Edmund (D:4)
  A warg (Orc:1)
  Duvessa (D:5)
  A water moccasin (D:8)
  7 orc warriors
  A sky beast (D:6)
  2 black bears (D:7)
  14 ogres
  4 wolves (D:11)
  2 centaurs
  A phantom (D:9)
  A kobold brigand (D:6)
  3 bullfrogs
  Blork the orc (D:5)
  A scorpion (D:6)
  Dowan (D:5)
  24 wights
  12 killer bees
  A troll zombie (D:9)
  3 centaur zombies (D:8)
  6 hounds
  12 orc priests
  2 jellies (D:6)
  2 gnoll boudas
  5 iguanas
  5 orc wizards
  7 ogre zombies (D:9)
  A mummy (D:8)
  A howler monkey zombie (D:8)
  7 adders
  6 gnolls
  A shadow imp (D:8)
  2 white imps (Gauntlet)
  3 ufetubi
  A worm (D:2)
  3 dart slugs
  32 orcs
  7 endoplasms
  2 giant cockroaches
  9 hobgoblins
  4 jackals (D:2)
  14 kobolds
  5 quokkas
  4 ball pythons
  8 bats
  A frilled lizard (D:2)
  6 goblins
  5 goblin zombies (D:9)
  2 hobgoblin skeletons (D:9)
  3 hobgoblin zombies (D:9)
  An orc skeleton (D:9)
  13 orc zombies (D:9)
  3 rats
  A lurking horror (D:6)
317 creatures vanquished.

Vanquished Creatures (others)
  An orc zombie (D:9)
  A demonic plant (Gauntlet)
  A plant (Gauntlet)
3 creatures vanquished.

Grand Total: 320 creatures vanquished

Notes
Turn   | Place    | Note
-------+----------+-------------------------------------------
     0 | D:1      | Leeroy the Vine Stalker Warper began the quest for the Orb.
     0 | D:1      | Reached XP level 1. HP: 11/11 MP: 4/4
    91 | D:1      | Reached skill level 2 in Long Blades
   420 | D:1      | Reached XP level 2. HP: 15/15 MP: 6/6
   487 | D:1      | Found a faded altar of an unknown god.
   936 | D:2      | Reached skill level 3 in Long Blades
   939 | D:2      | Found Rahev's Armour Shop.
   971 | D:2      | Found a blossoming altar of Fedhas.
   993 | D:2      | Reached XP level 3. HP: 18/18 MP: 7/7
  1573 | D:3      | Found an iron altar of Okawaru.
  1682 | D:3      | Gained mutation: Your natural rate of healing is unusually
                  | fast. [Vine Stalker growth]
  1682 | D:3      | Reached XP level 4. HP: 23/23 MP: 8/8
  1735 | D:3      | Reached skill level 4 in Long Blades
  1754 | D:3      | Found a blossoming altar of Fedhas.
  1759 | D:3      | Found a basalt altar of Yredelemnul.
  2271 | D:3      | Learned a level 2 spell: Blink
  2275 | D:3      | Learned a level 3 spell: Vhi's Electric Charge
  2279 | D:4      | Noticed Edmund
  2332 | D:4      | Reached skill level 1 in Stealth
  2364 | D:4      | Identified the +11 whip of Understanding {vamp, *Rage rN++
                  | Str+3 Dex+2}
  2416 | D:4      | Reached XP level 5. HP: 26/26 MP: 9/9
  2578 | D:4      | Reached XP level 6. HP: 30/30 MP: 11/11
  2632 | D:4      | Found a staircase to the Ecumenical Temple.
  2782 | Temple   | Entered the Ecumenical Temple
  3104 | Temple   | Became a worshipper of the Wu Jian Council
  3226 | D:4      | Killed Edmund
  3384 | D:5      | Entered Level 5 of the Dungeon
  3443 | D:5      | Reached skill level 5 in Spellcasting
  3443 | D:5      | Reached XP level 7. HP: 34/34 MP: 15/15
  3593 | D:5      | Noticed Blork the orc
  3596 | D:5      | Killed Blork the orc
  3930 | D:5      | Noticed Duvessa
  3931 | D:5      | Noticed Dowan
  3937 | D:5      | Killed Duvessa
  3942 | D:5      | Killed Dowan
  4134 | D:5      | Learned a level 4 spell: Manifold Assault
  4140 | D:6      | Gained mutation: You have razor-sharp teeth. [Vine Stalker
                  | growth]
  4140 | D:6      | Reached XP level 8. HP: 38/38 MP: 16/19
  4143 | D:6      | Reached * piety under Wu Jian
  4307 | D:6      | Found a corrupted altar of Lugonu.
  4308 | D:6      | Found a one-way gate to the infinite horrors of the Abyss.
  4849 | D:6      | Found a shimmering blue altar of Sif Muna.
  4999 | D:7      | You fall into a shaft and drop 2 floors!
  5005 | D:9      | Noticed a yak
  5005 | D:9      | Noticed a yak
  5005 | D:9      | Noticed a yak
  5005 | D:9      | Noticed a yak
  5005 | D:9      | Noticed a yak
  5005 | D:9      | Noticed a yak
  5022 | D:9      | Killed a yak
  5027 | D:9      | Killed a yak
  5031 | D:9      | Killed a yak
  5032 | D:9      | Reached skill level 5 in Fighting
  5032 | D:9      | Reached XP level 9. HP: 47/47 MP: 12/22
  5174 | D:9      | Found a staircase to the Orcish Mines.
  5199 | D:9      | Reached ** piety under Wu Jian
  5205 | D:9      | Noticed Psyche
  5255 | D:9      | Noticed a two-headed ogre
  5273 | D:9      | Killed a two-headed ogre
  5274 | D:9      | Reached XP level 10. HP: 12/57 MP: 5/23
  5514 | D:9      | Reached skill level 5 in Dodging
  5646 | D:9      | Noticed an orange crystal statue
  5696 | D:9      | Killed Psyche
  5867 | D:9      | Identified the +3 leather armour of the Shore {rElec rCorr}
  6315 | D:8      | Reached *** piety under Wu Jian
  6512 | D:8      | Found an opulent altar of Gozag.
  6702 | D:8      | Found a snail-covered altar of Cheibriados.
  7042 | D:8      | Found a sparkling altar of Nemelex Xobeh.
  7371 | D:7      | Noticed Menkaure
  7373 | D:7      | Killed Menkaure
  7375 | D:7      | Identified the +7 dagger "Ducaosh" {flame, SInv}
  7446 | D:7      | Identified a scroll of acquirement
  7460 | D:7      | Acquired a +0 demon blade of flaming
  7629 | D:7      | Reached skill level 1 in Armour
  7659 | D:7      | Reached **** piety under Wu Jian
  7728 | D:7      | Identified the +1 scale mail of Gauru {-Cast Harm rF+++
                  | Dex+5}
  7773 | D:7      | Found a bloodstained altar of Trog.
  7783 | D:7      | Reached XP level 11. HP: 59/60 MP: 24/24
  8195 | Orc:1    | Entered Level 1 of the Orcish Mines
  8195 | Orc:1    | Noticed an orc sorcerer
  8202 | Orc:1    | Noticed a soul eater
  8206 | Orc:1    | Killed an orc sorcerer
  8207 | Orc:1    | Reached skill level 5 in Long Blades
  8336 | Orc:1    | Found Wanaot's Distillery.
  8337 | Orc:1    | Noticed an orc sorcerer
  8374 | Orc:1    | Noticed a two-headed ogre
  8401 | Orc:1    | Killed a two-headed ogre
  8402 | Orc:1    | Reached skill level 6 in Long Blades
  8654 | Orc:1    | Noticed a soul eater
  8663 | Orc:1    | Killed an orc sorcerer
  8801 | Orc:2    | Entered Level 2 of the Orcish Mines
  8804 | Orc:2    | Reached skill level 7 in Long Blades
  8828 | Orc:2    | Noticed an orc knight
  8958 | Orc:2    | Killed an orc knight
  9249 | Orc:2    | Found a staircase to the Elven Halls.
  9257 | Orc:2    | Found Ydaex's Antique Weapon Boutique.
  9354 | Orc:2    | Noticed an orc high priest
  9392 | Orc:2    | Noticed an orc high priest
  9573 | D:10     | Entered Level 10 of the Dungeon
  9573 | D:10     | Noticed Lodul
  9626 | D:10     | Noticed a death yak
  9627 | D:10     | Noticed a death yak
  9628 | D:10     | Noticed Amaemon
  9629 | D:10     | Found a staircase to the Lair.
  9633 | D:10     | Noticed a death yak
  9642 | D:9      | Killed a death yak
  9643 | D:9      | Reached skill level 8 in Long Blades
  9793 | D:10     | Killed a death yak
  9914 | D:10     | Noticed a boulder beetle
  9999 | D:9      | Noticed a two-headed ogre
 10346 | D:10     | Found a radiant altar of Vehumet.
 10361 | D:10     | Noticed Erolcha
 10372 | D:10     | Killed Erolcha
 10373 | D:10     | Reached skill level 9 in Long Blades
 10418 | D:10     | Killed Lodul
 10434 | D:10     | Killed Amaemon
 10435 | D:10     | Reached skill level 10 in Long Blades
 10435 | D:10     | Reached XP level 12. HP: 15/65 MP: 22/25
 10525 | D:10     | Noticed a two-headed ogre
 10535 | D:10     | Killed a two-headed ogre
 11040 | D:10     | Noticed a death yak
 11040 | D:10     | Noticed a death yak
 11209 | D:9      | Killed a death yak
 11210 | D:9      | Reached skill level 11 in Long Blades
 11212 | D:9      | Killed a death yak
 11270 | D:9      | Killed a death yak
 11571 | D:10     | Reached skill level 12 in Long Blades
 11814 | D:10     | Killed a boulder beetle
 11834 | D:10     | Noticed a two-headed ogre
 11839 | D:10     | Killed a two-headed ogre
 12060 | D:11     | Noticed a two-headed ogre
 12070 | D:11     | Killed a two-headed ogre
 12101 | D:11     | Noticed Grum
 12116 | D:11     | Killed Grum
 12117 | D:11     | Reached skill level 13 in Long Blades
 12184 | D:11     | Found a gate leading to a gauntlet.
 12193 | Gauntlet | Entered a Gauntlet
 12193 | Gauntlet | Found a transporter.
 12200 | Gauntlet | Found a transporter.
 12202 | Gauntlet | Found a transporter.
 12213 | Gauntlet | Found a transporter.
 12216 | Gauntlet | Found a transporter.
 12225 | Gauntlet | Found a transporter.
 12238 | Gauntlet | Found a transporter.
 12248 | Gauntlet | Noticed a dire elephant
 12252 | Gauntlet | Found a transporter.
 12262 | Gauntlet | Noticed a large abomination
 12263 | Gauntlet | Found a transporter.
 12278 | Gauntlet | Found a transporter.
 12290 | Gauntlet | Found a runed translucent gate.
 12292 | Gauntlet | Found a runed translucent gate.
 12292 | Gauntlet | Found a transporter.
 12292 | Gauntlet | Found a transporter.
 12293 | Gauntlet | Found a runed translucent gate.
 12335 | Gauntlet | Found a transporter.
 12349 | Gauntlet | Found a transporter.
 12571 | Gauntlet | Identified the -1 helmet of Context {Fly rC++}
 12643 | Gauntlet | Reached XP level 13. HP: 23/69 MP: 22/26
 12655 | Gauntlet | HP: 1/69 [flying skull (4)]
 12656 | Gauntlet | Slain by a flying skull

Illustrated notes

Levels and vault maps discovered:
D:1:      kennysheep_arrival_forest, layout_loops_ring,
          hellmonk_ecumenical_altar_arch_garden, chequers_serial_rivers_small_3
D:2:      layout_basic, serial_shops, shop, basic_altar, interstate_on_off
D:3:      layout_basic, okawaru_metal_pillars_3, grunt_temple_overflow_open,
          kennysheep_crisscross
D:4:      layout_gridville, temple_doors_ab, uniq_edmund
D:5:      layout_rooms, patterned_corridor, uniq_duvessa, uniq_blork_the_orc
D:6:      layout_loops_ring, overflow_temple_1_default,
          amcnicky_altar_lugonu_corruption
D:7:      layout_basic, trog_ov_bears_minmay, abandoned_shop, uniq_menkaure
D:8:      layout_gridville, grunt_gozag_breadcrumbs,
          mainiacjoe_overflow_six_doors_small, slow_altar_2, serial_undead,
          serial_undead_c, serial_undead_f, serial_undead_c, serial_undead_b,
          serial_undead_a
D:9:      layout_irregular_city, zombieorc2_lemuel, minmay_statue_bubble,
          uniq_psyche
D:10:     layout_roguey, lemuel_tele_altar, dpeg_lair_monsters, minivault_10,
          kb_rosetta, uniq_amaemon, uniq_lodul, uniq_erolcha
D:11:     layout_basic, gauntlet_entry_generic, fedhas_altar_fruit_tree,
          uniq_erica, uniq_grum
Temple:   oiseaux_autumnal_temple
Orc:1:    layout_caves, serial_shops, shop
Orc:2:    st_orc_town, layout_caves, serial_shops, shop, nicolae_orc_rockfall
Gauntlet: minmay_gauntlet_77_tree [minmay_gauntlet_arena_77_hold_the_fort,
          minmay_gauntlet_arena_77_run_for_it,
          minmay_gauntlet_arena_77_two_paths, minmay_gauntlet_arena_77_mess,
          minmay_gauntlet_arena_77_broken_ladder,
          minmay_gauntlet_arena_77_radiant_squares,
          minmay_gauntlet_arena_77_terracotta_army,
          nicolae_gauntlet_exit_dead_adventurers]

Skill      XL: |  1  2  3  4  5  6  7  8  9 10 11 12 |
---------------+-------------------------------------+-----
Long Blades    | 2 3 4 10 13 | 13.7
Stealth        | 2 4 |  4.1
Spellcasting   | 5 7 8 |  8.3
Fighting       | 5 8 |  8.4
Dodging        | 4 8 |  8.1
Armour         | 1 |  1.1
Throwing       | |  0.8
Translocations | |  3.0

Action                     |  1- 3 |  4- 6 |  7- 9 | 10-12 | 13-15 || total
---------------------------+-------+-------+-------+-------+-------++-------
  Melee: Falchion          |   111 |       |       |    34 |    14 ||   159
         Bite              |    25 |    26 |    53 |   234 |     2 ||   340
         Dagger            |     7 |    60 |       |       |       ||    67
         Punch             |     1 |       |     2 |     8 |     1 ||    12
         Whip              |       |    32 |   161 |   153 |       ||   346
         Demon blade       |       |       |       |   489 |       ||   489
  Throw: Boomerang         |       |       |       |     3 |       ||     3
   Cast: Vhi's Electric Ch |       |     1 |       |     2 |       ||     3
         Blink             |       |       |       |     1 |       ||     1
 Invoke: Serpent's Lash    |       |       |       |     9 |       ||     9
Ability: Lunge             |       |     5 |    13 |    42 |       ||    60
         Whirlwind         |       |       |     1 |   115 |       ||   116
         Wall Jump         |       |       |       |     9 |       ||     9
  Evoke: Wand              |       |       |     3 |     1 |       ||     4
    Use: Scroll            |       |       |     1 |    26 |       ||    27
         Potion            |       |       |       |     3 |       ||     3
   Stab: Sleeping          |     1 |     4 |     8 |     3 |       ||    16
         Distracted        |       |     1 |       |     3 |       ||     4
 Armour: Leather armour    |    60 |    32 |     1 |    28 |       ||   121
         Robe              |       |       |    67 |    28 |       ||    95
         Troll leather arm |       |       |       |   131 |    11 ||   142
  Dodge: Dodged            |    75 |    50 |   115 |   493 |    19 ||   752

Table legend: (Time is in decaauts)
 A = Elapsed time spent in this place.
 B = Non-inter-level travel time spent in this place.
 C = Inter-level travel time spent in this place.
 D = Time resting spent in this place.
 E = Time spent auto-exploring this place.
 F = Levels seen in this place.
 G = Mean time per level.
                   A        B        C        D        E       F      G
               +--------+--------+--------+--------+--------+-----+--------+
         Total |  12964 |  11948 |   1016 |   2326 |   6773 |  15 |  864.3 |
       Dungeon |  10820 |   9919 |    901 |   1978 |   5680 |  11 |  983.6 |
        Temple |    359 |    289 |     70 |      0 |    274 |   1 |  359.0 |
  Orcish Mines |   1348 |   1303 |     45 |    348 |    557 |   2 |  674.0 |
      Gauntlet |    435 |    435 |      0 |      0 |    262 |   1 |  435.0 |
               +--------+--------+--------+--------+--------+-----+--------+

Top non-repeatable levels by time:
     D:9: 2269 daAuts
    D:10: 1592 daAuts
     D:8: 1264 daAuts
     D:6: 872 daAuts
     D:3: 865 daAuts
     D:5: 798 daAuts
   Orc:1: 785 daAuts
     D:4: 758 daAuts
     D:7: 757 daAuts
     D:2: 749 daAuts
     D:1: 710 daAuts
   Orc:2: 563 daAuts
Gauntlet: 435 daAuts
  Temple: 359 daAuts
    D:11: 182 daAuts
